[ AOE2 MATCH · #463521505 ]
Team RMBohemians vs Koreans
[ REPLAY ANALYSIS · EXTRACTED FROM THE RECORDED GAME ]
Feudal
18:34
Castle
27:23
Imperial
—
| APM avg | 17.9 |
| APM peak | 51 |
| eAPM avg | 8.9 |
| Villagers / military | 49 / 14 |
Focus
⚔️ 13.0% · 🌾 87.0%
Demolition Raft ×5 · Scout Cavalry ×4 · Fire Galley ×4 · Monk ×1
Feudal
—
Castle
—
Imperial
—
| APM avg | 11.5 |
| APM peak | 28 |
| eAPM avg | 6.5 |
| Villagers / military | 55 / 55 |
Focus
⚔️ 30.1% · 🌾 69.9%
Militia ×31 · Battle Elephant ×11 · Fishing Ship ×10 · Archer ×10 · Scout Cavalry ×3
Feudal
14:16
Castle
24:29
Imperial
—
| APM avg | 12.8 |
| APM peak | 48 |
| eAPM avg | 7.3 |
| Villagers / military | 69 / 39 |
Focus
⚔️ 25.2% · 🌾 74.8%
Spearman ×23 · Archer ×14 · Trade Cart ×2 · Camel Scout ×2
Feudal
15:24
Castle
20:34
Imperial
—
| APM avg | 24.1 |
| APM peak | 52 |
| eAPM avg | 11.1 |
| Villagers / military | 60 / 47 |
Focus
⚔️ 31.3% · 🌾 68.7%
Knight ×17 · War Wagon ×15 · Iron Pagoda ×10 · Fishing Ship ×4 · Turtle Ship ×3 · Scout Cavalry ×1
Match map
Initial resources + every placement click. Lines = walls · curves = elevation contours. ◆ gold · ⬟ stone · ● berries · ✦ relic · ◌ wall gap
Your base· Open — 3t gap
The Rock 49's base· Open — 14t gap
Papichan's base· Open — unwalled flank
mesejante's base· Open — unwalled flank
Smoothed initial terrain · ◌ = detected wall gap · hover for details
Inputs per minute
— Noathone - - The Rock 49
Build order — Noathone
First 150 of 174 actions detected
| 0:10 | Build | Town Center |
| 1:07 | Build | House |
| 1:15 | Build | House |
| 2:03 | Create | Villager (Male) |
| 2:03 | Create | Villager (Male) |
| 2:04 | Create | Villager (Male) |
| 2:10 | Create | Villager (Male) |
| 2:11 | Create | Villager (Male) |
| 3:35 | Create | Villager (Male) |
| 3:35 | Create | Villager (Male) |
| 4:02 | Create | Villager (Male) |
| 4:02 | Create | Villager (Male) |
| 4:48 | Create | Villager (Male) |
| 4:59 | Build | Mill |
| 5:05 | Build | Mill |
| 5:22 | Create | Villager (Male) |
| 5:45 | Create | Villager (Male) |
| 6:13 | Build | House |
| 6:31 | Create | Villager (Male) |
| 6:31 | Create | Villager (Male) |
| 6:52 | Build | House |
| 7:11 | Build | Lumber Camp |
| 7:21 | Create | Villager (Male) |
| 7:21 | Create | Villager (Male) |
| 8:10 | Create | Villager (Male) |
| 8:30 | Create | Villager (Male) |
| 8:30 | Create | Villager (Male) |
| 9:05 | Create | Villager (Male) |
| 9:08 | Create | Villager (Male) |
| 9:33 | Build | House |
| 10:00 | Build | House |
| 10:10 | Create | Villager (Male) |
| 10:11 | Create | Villager (Male) |
| 10:11 | Create | Villager (Male) |
| 10:27 | Build | House |
| 10:28 | Build | House |
| 10:31 | Create | Villager (Male) |
| 10:31 | Create | Villager (Male) |
| 10:51 | Build | House |
| 11:08 | Build | House |
| 11:17 | Create | Villager (Male) |
| 11:18 | Create | Villager (Male) |
| 11:18 | Create | Villager (Male) |
| 11:45 | Build | House |
| 12:12 | Build | House |
| 12:19 | Create | Villager (Male) |
| 12:19 | Create | Villager (Male) |
| 12:52 | Build | House |
| 13:34 | Build | Barracks |
| 13:42 | Create | Villager (Male) |
| 13:42 | Create | Villager (Male) |
| 14:00 | Build | Mill |
| 14:41 | Build | House |
| 15:16 | Build | House |
| 15:33 | Build | Palisade Wall |
| 16:24 | Research | Feudal Age |
| 16:35 | Build | House |
| 17:11 | Build | House |
| 17:17 | Build | House |
| 18:07 | Build | House |
| 18:10 | Build | House |
| 18:32 | Build | House |
| 18:34 | Age | Feudal Age |
| 18:39 | Create | Villager (Male) |
| 18:39 | Create | Villager (Male) |
| 18:49 | Build | Blacksmith |
| 19:02 | Build | Market |
| 19:16 | Create | Villager (Male) |
| 19:32 | Build | Mining Camp |
| 19:44 | Build | Lumber Camp |
| 20:01 | Build | Stable |
| 20:10 | Build | House |
| 20:15 | Create | Villager (Male) |
| 20:27 | Research | Double-Bit Axe |
| 21:13 | Build | House |
| 21:17 | Build | House |
| 22:04 | Build | House |
| 22:24 | Create | Scout Cavalry |
| 22:25 | Create | Scout Cavalry |
| 22:27 | Build | House |
| 22:33 | Build | House |
| 22:36 | Build | House |
| 22:48 | Build | House |
| 23:00 | Create | Scout Cavalry |
| 23:18 | Build | House |
| 23:19 | Build | House |
| 23:19 | Build | House |
| 23:19 | Build | House |
| 23:20 | Build | House |
| 23:20 | Build | House |
| 23:20 | Build | House |
| 23:20 | Build | House |
| 23:21 | Build | House |
| 23:22 | Build | House |
| 23:22 | Build | House |
| 23:22 | Build | House |
| 23:31 | Create | Scout Cavalry |
| 24:43 | Research | Castle Age |
| 24:44 | Research | Castle Age |
| 25:26 | Build | House |
| 25:27 | Build | House |
| 25:30 | Build | House |
| 25:32 | Build | House |
| 25:35 | Build | House |
| 25:51 | Build | Farm |
| 25:54 | Build | Farm |
| 25:57 | Build | Farm |
| 26:01 | Build | Farm |
| 26:07 | Build | Farm |
| 26:11 | Build | Farm |
| 26:16 | Build | Farm |
| 26:44 | Build | House |
| 26:50 | Build | House |
| 26:52 | Build | House |
| 27:21 | Build | House |
| 27:23 | Age | Castle Age |
| 27:37 | Create | Villager (Male) |
| 27:39 | Create | Villager (Male) |
| 28:01 | Build | House |
| 28:04 | Build | House |
| 28:11 | Build | House |
| 28:15 | Build | Farm |
| 28:21 | Build | Dock |
| 28:38 | Build | Farm |
| 28:45 | Build | Dock |
| 28:51 | Build | House |
| 29:07 | Create | Fire Galley |
| 29:07 | Create | Fire Galley |
| 29:10 | Build | House |
| 29:20 | Build | House |
| 29:30 | Create | Fire Galley |
| 29:31 | Create | Fire Galley |
| 29:36 | Build | House |
| 29:47 | Build | House |
| 30:23 | Build | Lumber Camp |
| 30:31 | Build | House |
| 31:48 | Build | Town Center |
| 32:09 | Create | Demolition Raft |
| 32:10 | Create | Demolition Raft |
| 32:11 | Create | Demolition Raft |
| 32:12 | Create | Demolition Raft |
| 33:03 | Create | Demolition Raft |
| 33:43 | Build | Lumber Camp |
| 33:46 | Create | Villager (Male) |
| 33:47 | Create | Villager (Male) |
| 33:47 | Create | Villager (Male) |
| 33:47 | Create | Villager (Male) |
| 34:54 | Create | Villager (Male) |
| 34:55 | Create | Villager (Male) |
| 35:10 | Build | Siege Workshop |
Build order — The Rock 49
First 150 of 183 actions detected
| 1:13 | Build | Town Center |
| 2:12 | Build | House |
| 2:13 | Build | House |
| 2:14 | Build | House |
| 2:16 | Build | House |
| 2:54 | Research | Loom |
| 2:55 | Create | Villager (Male) |
| 2:55 | Create | Villager (Male) |
| 2:55 | Create | Villager (Male) |
| 2:56 | Create | Villager (Male) |
| 2:56 | Create | Villager (Male) |
| 4:28 | Create | Villager (Male) |
| 5:01 | Create | Villager (Male) |
| 5:34 | Create | Villager (Male) |
| 6:05 | Create | Villager (Male) |
| 6:09 | Create | Villager (Male) |
| 6:44 | Create | Villager (Male) |
| 7:00 | Create | Villager (Male) |
| 7:28 | Create | Villager (Male) |
| 7:40 | Build | Dock |
| 7:46 | Create | Villager (Male) |
| 7:46 | Create | Villager (Male) |
| 8:56 | Create | Fishing Ship |
| 9:33 | Create | Fishing Ship |
| 9:41 | Create | Villager (Male) |
| 9:41 | Create | Villager (Male) |
| 9:42 | Create | Villager (Male) |
| 9:56 | Build | House |
| 10:10 | Build | House |
| 10:21 | Create | Fishing Ship |
| 10:54 | Create | Fishing Ship |
| 10:54 | Create | Fishing Ship |
| 11:32 | Create | Fishing Ship |
| 11:33 | Create | Fishing Ship |
| 12:13 | Build | Lumber Camp |
| 12:52 | Research | Feudal Age |
| 13:35 | Create | Fishing Ship |
| 13:35 | Create | Fishing Ship |
| 13:37 | Create | Fishing Ship |
| 14:34 | Build | Barracks |
| 15:08 | Research | Wheelbarrow |
| 15:49 | Build | Stable |
| 15:53 | Create | Villager (Male) |
| 15:53 | Create | Villager (Male) |
| 15:54 | Create | Villager (Male) |
| 15:54 | Create | Villager (Male) |
| 15:54 | Create | Villager (Male) |
| 16:03 | Research | Tech 906 |
| 16:44 | Create | Scout Cavalry |
| 16:45 | Create | Scout Cavalry |
| 16:47 | Research | Bloodlines |
| 17:08 | Build | House |
| 17:13 | Build | House |
| 17:16 | Build | House |
| 17:17 | Build | House |
| 19:08 | Create | Villager (Male) |
| 19:08 | Create | Villager (Male) |
| 19:08 | Create | Villager (Male) |
| 19:09 | Create | Villager (Male) |
| 19:09 | Create | Villager (Male) |
| 19:10 | Create | Villager (Male) |
| 19:10 | Create | Villager (Male) |
| 19:10 | Create | Villager (Male) |
| 19:57 | Create | Scout Cavalry |
| 21:32 | Research | Arson |
| 21:33 | Research | Man-at-Arms (upgrade) |
| 21:40 | Create | Villager (Male) |
| 21:40 | Create | Villager (Male) |
| 21:41 | Create | Villager (Male) |
| 22:58 | Create | Militia |
| 22:58 | Create | Militia |
| 22:59 | Create | Militia |
| 22:59 | Create | Militia |
| 22:59 | Create | Militia |
| 22:59 | Create | Militia |
| 23:17 | Build | Fish Trap |
| 23:18 | Build | Fish Trap |
| 23:19 | Build | Fish Trap |
| 23:20 | Build | Fish Trap |
| 23:21 | Build | Fish Trap |
| 23:22 | Build | Fish Trap |
| 23:23 | Build | Fish Trap |
| 23:25 | Build | Fish Trap |
| 23:26 | Build | Fish Trap |
| 23:27 | Build | Fish Trap |
| 24:45 | Build | Mill |
| 24:52 | Build | Archery Range |
| 25:08 | Create | Militia |
| 25:08 | Create | Militia |
| 25:09 | Create | Militia |
| 25:09 | Create | Militia |
| 25:09 | Create | Militia |
| 25:21 | Build | House |
| 25:22 | Build | House |
| 25:31 | Build | House |
| 25:43 | Build | Market |
| 27:09 | Build | Lumber Camp |
| 27:24 | Build | Blacksmith |
| 27:30 | Research | Castle Age |
| 28:21 | Build | Lumber Camp |
| 28:29 | Research | Forging |
| 29:21 | Research | Horse Collar |
| 29:46 | Create | Militia |
| 29:46 | Create | Militia |
| 29:47 | Create | Militia |
| 29:47 | Create | Militia |
| 29:47 | Create | Militia |
| 29:54 | Research | Scale Mail Armor |
| 30:20 | Research | Long Swordsman (upgrade) |
| 30:21 | Research | Gambesons |
| 30:22 | Research | Squires |
| 30:58 | Research | Hand Cart |
| 31:54 | Research | Husbandry |
| 31:56 | Create | Battle Elephant |
| 31:57 | Create | Battle Elephant |
| 32:38 | Create | Villager (Male) |
| 32:38 | Create | Villager (Male) |
| 32:38 | Create | Villager (Male) |
| 32:39 | Create | Villager (Male) |
| 32:39 | Create | Villager (Male) |
| 33:06 | Create | Battle Elephant |
| 33:32 | Research | Crossbowman (upgrade) |
| 33:35 | Create | Archer |
| 33:35 | Create | Archer |
| 33:35 | Create | Archer |
| 33:36 | Create | Archer |
| 33:36 | Create | Archer |
| 33:36 | Create | Archer |
| 33:37 | Create | Archer |
| 33:37 | Create | Archer |
| 33:37 | Create | Archer |
| 33:38 | Create | Archer |
| 34:06 | Build | Town Center |
| 34:14 | Build | House |
| 34:14 | Build | House |
| 34:15 | Build | House |
| 34:16 | Build | House |
| 34:16 | Build | House |
| 34:17 | Build | House |
| 34:17 | Build | House |
| 34:17 | Build | House |
| 34:18 | Build | House |
| 34:18 | Build | House |
| 34:26 | Build | Lumber Camp |
| 35:03 | Create | Militia |
| 35:03 | Create | Militia |
| 35:03 | Create | Militia |
| 35:04 | Create | Militia |
| 35:04 | Create | Militia |
| 35:04 | Create | Militia |
Build order — Papichan
First 150 of 217 actions detected
| 0:06 | Build | House |
| 0:09 | Build | House |
| 0:32 | Build | Town Center |
| 1:53 | Build | Mill |
| 2:26 | Create | Villager (Male) |
| 2:27 | Create | Villager (Male) |
| 2:38 | Create | Villager (Male) |
| 2:38 | Create | Villager (Male) |
| 2:39 | Research | Loom |
| 3:28 | Build | Mill |
| 3:33 | Create | Villager (Male) |
| 3:33 | Create | Villager (Male) |
| 4:40 | Create | Villager (Male) |
| 4:55 | Build | House |
| 4:58 | Build | House |
| 5:29 | Create | Villager (Male) |
| 6:06 | Create | Villager (Male) |
| 6:07 | Create | Villager (Male) |
| 6:17 | Build | House |
| 6:36 | Create | Villager (Male) |
| 6:59 | Build | House |
| 7:01 | Build | House |
| 7:26 | Create | Villager (Male) |
| 7:39 | Create | Villager (Male) |
| 7:58 | Build | House |
| 7:59 | Build | House |
| 8:01 | Build | House |
| 8:21 | Create | Villager (Male) |
| 8:23 | Create | Villager (Male) |
| 8:40 | Create | Villager (Male) |
| 9:07 | Create | Villager (Male) |
| 9:31 | Build | House |
| 9:34 | Build | House |
| 9:39 | Build | House |
| 9:48 | Create | Villager (Male) |
| 10:19 | Build | Mining Camp |
| 10:31 | Create | Villager (Male) |
| 10:31 | Create | Villager (Male) |
| 10:55 | Create | Villager (Male) |
| 11:12 | Build | House |
| 11:17 | Build | House |
| 11:22 | Build | House |
| 12:12 | Research | Feudal Age |
| 12:48 | Build | House |
| 12:50 | Build | House |
| 12:54 | Build | House |
| 14:05 | Build | Lumber Camp |
| 14:16 | Age | Feudal Age |
| 14:52 | Build | Barracks |
| 14:55 | Create | Villager (Male) |
| 14:55 | Create | Villager (Male) |
| 15:09 | Research | Wheelbarrow |
| 15:34 | Build | Watch Tower |
| 16:17 | Create | Villager (Male) |
| 16:20 | Research | Horse Collar |
| 16:22 | Research | Double-Bit Axe |
| 16:44 | Create | Villager (Male) |
| 17:51 | Build | Archery Range |
| 18:13 | Create | Villager (Male) |
| 18:14 | Create | Villager (Male) |
| 18:14 | Create | Villager (Male) |
| 18:30 | Create | Spearman |
| 18:30 | Create | Spearman |
| 18:30 | Create | Spearman |
| 18:30 | Create | Spearman |
| 18:31 | Create | Spearman |
| 18:58 | Build | Blacksmith |
| 19:29 | Build | Stable |
| 19:39 | Create | Villager (Male) |
| 19:40 | Create | Villager (Male) |
| 19:40 | Create | Villager (Male) |
| 19:59 | Build | Market |
| 20:35 | Build | House |
| 20:36 | Build | House |
| 20:38 | Build | House |
| 20:39 | Build | House |
| 21:16 | Create | Trade Cart |
| 21:46 | Build | Archery Range |
| 22:03 | Research | Castle Age |
| 22:54 | Build | Archery Range |
| 23:01 | Build | House |
| 23:02 | Build | House |
| 23:06 | Build | House |
| 23:21 | Research | Scale Mail Armor |
| 23:48 | Build | Lumber Camp |
| 24:19 | Research | Padded Archer Armor |
| 24:29 | Age | Castle Age |
| 24:33 | Create | Villager (Male) |
| 24:33 | Create | Villager (Male) |
| 24:33 | Create | Villager (Male) |
| 24:34 | Create | Villager (Male) |
| 24:43 | Build | House |
| 24:45 | Build | House |
| 24:50 | Build | House |
| 25:02 | Create | Camel Scout |
| 25:02 | Create | Camel Scout |
| 25:13 | Build | Farm |
| 25:24 | Create | Trade Cart |
| 25:29 | Build | Farm |
| 25:41 | Build | Lumber Camp |
| 25:49 | Build | University |
| 25:56 | Build | Farm |
| 25:59 | Create | Villager (Male) |
| 25:59 | Create | Villager (Male) |
| 26:04 | Build | Farm |
| 26:35 | Build | Siege Workshop |
| 26:53 | Build | Farm |
| 26:56 | Build | Farm |
| 27:00 | Build | Farm |
| 27:03 | Create | Villager (Male) |
| 27:03 | Create | Villager (Male) |
| 27:29 | Build | House |
| 27:31 | Build | House |
| 27:35 | Build | House |
| 27:51 | Build | Monastery |
| 27:58 | Build | Farm |
| 28:00 | Build | Farm |
| 28:03 | Create | Villager (Male) |
| 28:03 | Create | Villager (Male) |
| 28:03 | Create | Villager (Male) |
| 28:12 | Research | Squires |
| 29:23 | Build | Mining Camp |
| 29:31 | Build | House |
| 29:35 | Build | House |
| 29:41 | Research | Hand Cart |
| 29:41 | Create | Villager (Male) |
| 29:42 | Create | Villager (Male) |
| 29:42 | Create | Villager (Male) |
| 29:42 | Create | Villager (Male) |
| 29:42 | Create | Villager (Male) |
| 30:22 | Create | Spearman |
| 30:22 | Create | Spearman |
| 30:22 | Create | Spearman |
| 30:22 | Create | Spearman |
| 30:23 | Create | Spearman |
| 30:23 | Create | Spearman |
| 31:44 | Build | Barracks |
| 31:48 | Research | Masonry |
| 31:50 | Research | Ballistics |
| 31:58 | Create | Villager (Male) |
| 31:58 | Create | Villager (Male) |
| 31:58 | Create | Villager (Male) |
| 31:58 | Create | Villager (Male) |
| 31:58 | Create | Villager (Male) |
| 32:13 | Build | House |
| 32:14 | Build | House |
| 32:15 | Build | House |
| 32:24 | Build | House |
| 32:28 | Build | House |
| 32:53 | Research | Crossbowman (upgrade) |
Build order — mesejante
First 150 of 200 actions detected
| 1:00 | Build | Town Center |
| 1:48 | Build | House |
| 3:26 | Create | Villager (Male) |
| 3:27 | Create | Villager (Male) |
| 3:27 | Create | Villager (Male) |
| 3:27 | Create | Villager (Male) |
| 3:42 | Build | House |
| 3:48 | Build | Palisade Wall |
| 4:43 | Research | Loom |
| 5:08 | Build | Dock |
| 5:45 | Build | Palisade Wall |
| 6:12 | Create | Fishing Ship |
| 6:17 | Create | Villager (Male) |
| 6:52 | Build | Palisade Gate |
| 7:00 | Create | Villager (Male) |
| 7:31 | Create | Villager (Male) |
| 8:07 | Create | Villager (Male) |
| 8:23 | Build | House |
| 8:27 | Build | House |
| 8:31 | Create | Fishing Ship |
| 8:34 | Create | Villager (Male) |
| 8:55 | Create | Villager (Male) |
| 9:13 | Create | Villager (Male) |
| 9:18 | Create | Fishing Ship |
| 9:31 | Build | Palisade Wall |
| 9:45 | Build | Palisade Gate |
| 9:48 | Create | Villager (Male) |
| 9:53 | Create | Villager (Male) |
| 10:12 | Create | Villager (Male) |
| 10:52 | Create | Villager (Male) |
| 10:53 | Create | Villager (Male) |
| 11:03 | Create | Fishing Ship |
| 11:26 | Create | Villager (Male) |
| 11:59 | Build | House |
| 12:39 | Build | Lumber Camp |
| 13:14 | Research | Feudal Age |
| 14:32 | Build | Barracks |
| 14:43 | Build | Palisade Wall |
| 14:49 | Create | Villager (Male) |
| 14:50 | Create | Villager (Male) |
| 14:52 | Create | Villager (Male) |
| 15:24 | Age | Feudal Age |
| 15:39 | Build | Palisade Gate |
| 15:48 | Build | Palisade Wall |
| 16:16 | Build | Stable |
| 16:25 | Build | House |
| 16:31 | Create | Villager (Male) |
| 16:32 | Create | Villager (Male) |
| 16:56 | Build | Blacksmith |
| 17:24 | Create | Villager (Male) |
| 17:37 | Research | Castle Age |
| 17:48 | Build | Mining Camp |
| 18:21 | Research | Double-Bit Axe |
| 18:45 | Create | Villager (Male) |
| 18:56 | Build | Mill |
| 19:28 | Build | Palisade Wall |
| 19:43 | Research | Wheelbarrow |
| 19:52 | Create | Scout Cavalry |
| 20:16 | Create | Villager (Male) |
| 20:34 | Age | Castle Age |
| 20:40 | Build | House |
| 20:42 | Build | House |
| 20:43 | Build | House |
| 20:49 | Research | Bow Saw |
| 21:00 | Create | Turtle Ship |
| 21:01 | Create | Fire Galley |
| 21:33 | Create | Villager (Male) |
| 21:34 | Create | Villager (Male) |
| 21:34 | Create | Villager (Male) |
| 21:57 | Build | Town Center |
| 22:40 | Build | Watch Tower |
| 22:49 | Create | Villager (Male) |
| 22:50 | Create | Villager (Male) |
| 23:09 | Create | Villager (Male) |
| 23:12 | Create | Villager (Male) |
| 23:34 | Build | House |
| 23:34 | Build | House |
| 23:35 | Build | House |
| 23:35 | Build | House |
| 23:36 | Build | House |
| 23:37 | Build | House |
| 23:37 | Build | House |
| 23:38 | Build | House |
| 23:38 | Build | House |
| 23:55 | Create | Knight |
| 23:55 | Create | Knight |
| 23:56 | Create | Knight |
| 23:56 | Create | Knight |
| 24:11 | Build | Siege Workshop |
| 24:15 | Build | Palisade Wall |
| 24:19 | Build | Palisade Wall |
| 24:21 | Build | Palisade Wall |
| 24:59 | Create | Villager (Male) |
| 24:59 | Create | Villager (Male) |
| 25:00 | Create | Villager (Male) |
| 25:00 | Create | Villager (Male) |
| 25:01 | Create | Villager (Male) |
| 25:14 | Research | Horse Collar |
| 25:49 | Create | Turtle Ship |
| 25:49 | Create | Turtle Ship |
| 25:54 | Create | Iron Pagoda |
| 26:11 | Build | Watch Tower |
| 26:35 | Build | Town Center |
| 26:39 | Create | Villager (Male) |
| 26:40 | Research | Town Watch |
| 26:52 | Create | Iron Pagoda |
| 26:52 | Create | Iron Pagoda |
| 27:26 | Build | Stable |
| 27:55 | Create | Iron Pagoda |
| 28:05 | Build | Mining Camp |
| 28:21 | Build | Farm |
| 28:21 | Build | Farm |
| 28:22 | Build | Farm |
| 28:23 | Build | Farm |
| 28:24 | Build | Farm |
| 28:33 | Create | Knight |
| 28:34 | Create | Knight |
| 28:44 | Build | Watch Tower |
| 29:10 | Create | Villager (Male) |
| 30:37 | Build | Watch Tower |
| 30:45 | Create | Knight |
| 30:46 | Create | Knight |
| 30:47 | Create | Knight |
| 30:50 | Create | Iron Pagoda |
| 30:54 | Create | Villager (Male) |
| 30:54 | Create | Villager (Male) |
| 30:55 | Create | Villager (Male) |
| 30:55 | Create | Villager (Male) |
| 30:55 | Create | Villager (Male) |
| 31:05 | Build | House |
| 31:06 | Build | House |
| 31:06 | Build | House |
| 31:07 | Build | House |
| 31:07 | Build | House |
| 31:07 | Build | House |
| 31:08 | Build | House |
| 31:08 | Build | House |
| 32:17 | Build | Monastery |
| 32:28 | Create | Villager (Male) |
| 32:28 | Create | Villager (Male) |
| 32:28 | Create | Villager (Male) |
| 32:29 | Create | Villager (Male) |
| 32:29 | Create | Villager (Male) |
| 32:38 | Build | Farm |
| 32:38 | Build | Farm |
| 32:38 | Build | Farm |
| 32:38 | Build | Farm |
| 32:39 | Build | Farm |
| 32:39 | Build | Farm |
| 32:39 | Build | Farm |
Match timeline
| 3:48 | mesejante · wall_segment Palisade Wall x5 |
| 5:08 | mesejante · first_building Dock |
| 5:45 | mesejante · wall_segment Palisade Wall x10 |
| 7:40 | The Rock 49 · first_building Dock |
| 9:31 | mesejante · wall_segment Palisade Wall x6 |
| 13:34 | Noathone · first_building Barracks |
| 14:16 | Papichan · age_up feudal |
| 14:32 | mesejante · first_building Barracks |
| 14:34 | The Rock 49 · first_building Barracks |
| 14:43 | mesejante · wall_segment Palisade Wall x7 |
| 14:52 | Papichan · first_building Barracks |
| 15:24 | mesejante · age_up feudal |
| 15:33 | Noathone · wall_segment Palisade Wall x1 |
| 15:48 | mesejante · wall_segment Palisade Wall x5 |
| 15:49 | The Rock 49 · first_building Stable |
| 16:16 | mesejante · first_building Stable |
| 17:51 | Papichan · first_building Archery Range |
| 18:34 | Noathone · age_up feudal |
| 19:28 | mesejante · wall_segment Palisade Wall x7 |
| 19:29 | Papichan · first_building Stable |
| 20:01 | Noathone · first_building Stable |
| 20:34 | mesejante · age_up castle |
| 24:11 | mesejante · first_building Siege Workshop |
| 24:15 | mesejante · wall_segment Palisade Wall x1 |
| 24:19 | mesejante · wall_segment Palisade Wall x1 |
| 24:21 | mesejante · wall_segment Palisade Wall x1 |
| 24:29 | Papichan · age_up castle |
| 24:33 | Noathone · first_market_sell 100 wood |
| 24:35 | Noathone · first_market_buy 100 food |
| 24:52 | The Rock 49 · first_building Archery Range |
| 26:35 | Papichan · first_building Siege Workshop |
| 27:23 | Noathone · age_up castle |
| 27:51 | Papichan · first_building Monastery |
| 28:21 | Noathone · first_building Dock |
| 32:17 | mesejante · first_building Monastery |
| 34:16 | mesejante · first_building Castle |
| 35:10 | Noathone · first_building Siege Workshop |
| 37:50 | Noathone · first_building Monastery |
| 38:05 | Papichan · first_building Castle |
| 41:52 | Noathone · resign |
[ AI ANALYSIS · 1 CREDIT ]
What really happened in this match?
Wolo.gg analyzes every decision: build order, eco, micro, common mistakes by bracket. Personalized analysis on WhatsApp or Discord in 30 seconds.
Civ guide
Bohemians
Map guide
Shipwreck
Perfil
Jugador #11960631